 Dungeon Crawl Stone Soup version 0.30-a0-55-g90e3122c3a (webtiles) character file.

Game seed: 15319642944455517160

3325 Conn the Sneak (level 10, -1/62 HPs)
             Began as an Octopode Fire Elementalist on Sept 9, 2022.
             Slain by a wight
             ... wielding a +5 trident
              (10 damage)
             ... on level 8 of the Dungeon.
             The game lasted 00:16:15 (7373 turns).

Conn the Sneak (Octopode Fire Elementalist)         Turns: 7373, Time: 00:16:26

Health: -1/62      AC:  1    Str:  7    XL:     10   Next: 2%
Magic:  7/29       EV: 14    Int: 22    God:
Gold:   440        SH:  0    Dex: 13    Spells: 2/22 levels left

rFire   . . .      SeeInvis +    y - +4 hand axe of Disembowelment {vorpal, rPois MP+9 SInv}
rCold   . . .      Faith    +    I - orb {light}
rNeg    + . .      Spirit   .    (helmet restricted)
rPois   +          Reflect  .    w - amulet of faith
rElec   .          Harm     .    g - +4 ring of slaying
rCorr   .          Rampage  .    r - ring of positive energy
Will    +....                    v - ring of willpower
Stlth   ++........               (no ring)
HPRegen 0.20/turn                (no ring)
MPRegen 0.21/turn                (no ring)
                                 (no ring)
                                 (no ring)

@: very slightly contaminated, glowing
A: almost no armour, amphibious, 8 rings, camouflage 1, gelatinous body 1,
(nimble swimmer 1), tentacles
a: no special abilities


You were on level 8 of the Dungeon.
You visited 2 branches of the dungeon, and saw 9 of its levels.
You also visited: Ossuary.

You collected 473 gold pieces.
You spent 33 gold pieces at shops.

Inventory:

Hand Weapons
 e - a +0 dagger
 q - a +2 dagger of venom
 y - the +4 hand axe of Disembowelment (weapon) {vorpal, rPois MP+9 SInv}
   (You found it on level 3 of the Dungeon)

   It inflicts extra damage upon your enemies.
   rPois:     It protects you from poison.
   MP:        It affects your magic capacity (+9).
   SInv:      It lets you see invisible.
Missiles
 t - 6 curare-tipped darts (quivered)
 E - a throwing net
 N - 6 silver javelins
Armour
 z - an orb of wrath
 I - an orb of light (worn)
Magical Staves
 K - a staff of earth
Jewellery
 g - a +4 ring of slaying (left tentacle)
 r - a ring of positive energy (right tentacle)
 v - a ring of willpower (on tentacle)
 w - an amulet of faith (around mantle)
Wands
 n - a wand of flame (17)
 B - a wand of mindburst (13)
 M - a wand of paralysis (4)
Scrolls
 b - 5 scrolls of fog
 h - 2 scrolls of vulnerability
 j - a scroll of blinking
 k - a scroll of enchant armour
 m - 2 scrolls of teleportation
 p - 2 scrolls of poison
 u - a scroll of torment
 x - a scroll of enchant weapon
 A - a scroll of immolation {unknown}
 G - a scroll of fear
 J - a scroll of noise {unknown}
Potions
 a - 2 potions of magic
 c - 3 potions of cancellation {unknown}
 d - 2 potions of mutation {unknown}
 f - 3 potions of might {unknown}
 i - 3 potions of curing {unknown}
 l - 2 potions of lignification {unknown}
 o - 3 potions of heal wounds {unknown}
 s - 2 potions of haste {unknown}
 C - 2 potions of attraction {unknown}
 D - a potion of brilliance {unknown}
 F - a potion of berserk rage {unknown}
 H - 2 potions of degeneration {unknown}
 L - a potion of flight {unknown}


   Skills:
 + Level 2.9 Fighting
 + Level 1.7 Short Blades
 + Level 4.1 Axes
 + Level 3.4 Dodging
 + Level 7.8 Stealth
 + Level 6.8 Spellcasting
 + Level 5.4 Conjurations
 + Level 7.0 Fire Magic


You had 2 spell levels left.
You knew the following spells:

 Your Spells              Type           Power      Damage    Failure   Level
a - Foxfire               Conj/Fire      100%       2x1d9     1%          1
b - Conjure Flame         Conj/Fire      35%        6-21      1%          3
c - Inner Flame           Hex/Fire       23%        N/A       6%          3
d - Flame Wave            Conj/Fire      35%        2d10      6%          4
e - Scorch                Fire           76%        2d8       1%          2
f - Sticky Flame          Conj/Fire      35%        2d5       6%          4
g - Stone Arrow           Conj/Erth      38%        3d9       9%          3

Your spell library contained the following spells:

 Spells                   Type           Power      Damage    Failure   Level
 Beastly Appendage        Tmut           14%        N/A       9%          1
 Sandblast                Erth           14%        2d6       9%          1
 Passwall                 Tmut/Erth      5%         N/A       13%         2
 Poisonous Vapours        Pois/Air       14%        N/A       13%         2
 Wereblood                Tmut           7%         N/A       13%         2
 Ignite Poison            Fire/Tmut/Pois 17%        N/A       10%         3
 Spider Form              Tmut/Pois      7%         N/A       26%         3
 Corpse Rot               Necr/Pois/Air  7%         N/A       63%         4
 Dispel Undead            Necr           7%         3d8       63%         4
 Death Channel            Necr           3%         N/A       100%        6


Dungeon Overview and Level Annotations

Branches:
Dungeon (8/15)             Temple (1/1) D:5         Ossuary (visited)
   Lair: D:8-11

Altars:
Ashenzari
Cheibriados
Fedhas
Kikubaaqudgha
Makhleb
Qazlal
Ru
Trog
Uskayaw
Vehumet
Xom
Zin
The Shining One

Shops:
D:1 ?   D:8 [


Innate Abilities, Weirdness & Mutations

You cannot wear most types of armour.
You are amphibious.
You can wear up to eight rings at the same time.
Your skin changes colour to match your surroundings (Stealth+).
Your rubbery body absorbs attacks. (AC +1, EV +1)
((You are camouflaged when in or above water. (Stealth+)))
You have tentacles for arms and can constrict up to eight enemies at once.


Message History

The centaur is moderately wounded.
The foxfire hits the centaur.
The centaur is heavily wounded.
The foxfire hits the water moccasin.
The water moccasin is lightly wounded.
Casting: Foxfire (safe; 1% risk of failure)
Confirm with . or Enter, or press ? or * to list all spells.
You conjure some foxfire!
The foxfire hits the water moccasin!
The water moccasin is heavily wounded.
The foxfire hits the water moccasin!
The water moccasin is severely wounded.
The centaur shoots an arrow.
The arrow hits you!
Casting: Foxfire (safe; 1% risk of failure)
Confirm with . or Enter, or press ? or * to list all spells.
Flames lash the water moccasin.
The water moccasin is almost dead.
The water moccasin's fire resistance burns away.
The foxfire hits the water moccasin but does no damage.
The water moccasin is almost dead.
The foxfire hits the water moccasin.
The water moccasin is burned terribly!
You kill the water moccasin!
The centaur shoots an arrow.
The arrow closely misses you.
Your Fire Magic skill increases to level 7!
You have reached level 10!
You feel clever.
Casting: Scorch (safe; 1% risk of failure)
Confirm with . or Enter, or press ? or * to list all spells.
Flames lash the centaur.
The centaur is almost dead.
The centaur's fire resistance burns away.
The centaur shoots an arrow.
The arrow hits you!
The centaur shoots an arrow.
The arrow barely misses you.
Casting: Scorch (safe; 1% risk of failure)
Confirm with . or Enter, or press ? or * to list all spells.
You miscast Scorch.
You are very lightly contaminated with residual magic.
Nothing appears to happen.
The centaur shoots an arrow.
The arrow hits you!
* * * LOW HITPOINT WARNING * * *
The wight hits you from afar with a +5 trident!
You die...

#.......)..... #......
#............. #......
#....8........ #......
#............. #.....
#..8.∩.8......
##.....#####...<........
#........##....8..#.....
.........##.....########
.......@......###
.#...........###
.......z..#....##
......c.#....#..########
.............<..........
.#..##..####..#...####..
#.. .... ##.###.####.#
#. ..... #..........#
#...###.#####


You could see a centaur (combustible) and a wight.

Vanquished Creatures
  A two-headed ogre (D:6)
  A gargoyle (D:7)
  A vampire (D:8)
  A wyvern (D:5)
  Menkaure (D:6)
  A water moccasin (D:8)
  2 black bears
  2 ice beasts
  An ogre (D:5)
  2 bullfrogs
  2 necrophages
  7 scorpions
  4 water moccasin zombies (Ossuary)
  A howler monkey (D:6)
  A jelly (D:7)
  2 hounds (D:5)
  A gnoll bouda (D:5)
  An orc priest (D:4)
  3 iguanas
  2 mummies (Ossuary)
  10 adders
  9 gnolls
  A white imp (D:5)
  3 ufetubi
  5 adder zombies (Ossuary)
  2 worms
  A dart slug (D:1)
  5 orcs
  4 bats
  7 endoplasms
  5 giant cockroaches
  5 gnoll zombies (Ossuary)
  3 hobgoblins
  3 quokkas
  5 ball pythons
  4 frilled lizards
  6 goblins
  5 hobgoblin zombies (Ossuary)
  7 kobolds
  A kobold zombie (Ossuary)
  9 orc zombies (Ossuary)
  5 rats
142 creatures vanquished.

Vanquished Creatures (collateral kills)
  2 foxfires (D:3)
2 creatures vanquished.

Vanquished Creatures (others)
  387 foxfires
  2 plants (D:3)
389 creatures vanquished.

Grand Total: 533 creatures vanquished

Notes
Turn   | Place    | Note
-------+----------+-------------------------------------------
     0 | D:1      | Conn the Octopode Fire Elementalist began the quest for the
                  | Orb.
     0 | D:1      | Reached XP level 1. HP: 11/11 MP: 3/3
   252 | D:1      | Reached XP level 2. HP: 7/17 MP: 0/5
   796 | D:1      | Found a faded altar of an unknown god.
  1078 | D:1      | Found Liaz's Magic Scroll Emporium.
  1095 | D:1      | Bought a scroll of teleportation for 33 gold pieces
  1164 | D:1      | You fall into a shaft and drop 1 floor!
  1313 | D:1      | Reached XP level 3. HP: 19/21 MP: 3/6
  1316 | D:1      | Learned a level 2 spell: Scorch
  1320 | D:1      | Learned a level 3 spell: Conjure Flame
  1685 | D:2      | Reached XP level 4. HP: 15/27 MP: 2/7
  2472 | D:3      | Identified the +4 hand axe of Disembowelment {vorpal, rPois
                  | MP+9 SInv}
  2728 | D:3      | Found a broken altar of Ashenzari.
  3088 | D:4      | Noticed a necrophage
  3095 | D:4      | Killed a necrophage
  3096 | D:4      | Reached skill level 1 in Short Blades
  3096 | D:4      | Reached XP level 5. HP: 32/32 MP: 9/9
  3288 | D:4      | Reached skill level 1 in Fighting
  3288 | D:4      | Reached XP level 6. HP: 25/38 MP: 10/10
  3479 | D:4      | Found a sacrificial altar of Ru.
  3614 | D:4      | Reached skill level 5 in Stealth
  3616 | D:4      | Noticed a black bear
  3623 | D:4      | Killed a black bear
  3624 | D:4      | Reached skill level 1 in Axes
  3624 | D:4      | Reached XP level 7. HP: 41/43 MP: 6/12
  4036 | D:5      | Entered Level 5 of the Dungeon
  4036 | D:5      | Noticed a wyvern
  4148 | D:5      | Found a staircase to the Ecumenical Temple.
  4158 | Temple   | Entered the Ecumenical Temple
  4273 | D:5      | Found a shimmering altar of Xom.
  4273 | D:5      | Found a shimmering altar of Xom.
  4275 | D:5      | Found a shimmering altar of Xom.
  4276 | D:5      | Found a shimmering altar of Xom.
  4276 | D:5      | Found a shimmering altar of Xom.
  4276 | D:5      | Found a shimmering altar of Xom.
  4277 | D:5      | Found a shimmering altar of Xom.
  4281 | D:5      | Found a shimmering altar of Xom.
  4329 | D:5      | Killed a wyvern
  4330 | D:5      | Reached skill level 5 in Fire Magic
  4330 | D:5      | Reached XP level 8. HP: 31/48 MP: 1/14
  4369 | D:5      | Found a hide-covered altar of Uskayaw.
  4441 | D:5      | Found a sand-covered staircase.
  4448 | Ossuary  | Entered an ossuary
  4677 | Ossuary  | Reached skill level 5 in Spellcasting
  4714 | Ossuary  | Learned a level 3 spell: Inner Flame
  4719 | Ossuary  | Learned a level 4 spell: Flame Wave
  4724 | Ossuary  | Learned a level 4 spell: Sticky Flame
  5248 | D:5      | Found a snail-covered altar of Cheibriados.
  5701 | D:5      | Found a burning altar of Makhleb.
  5788 | D:6      | Reached XP level 9. HP: 55/55 MP: 17/17
  5842 | D:6      | Found a blossoming altar of Fedhas.
  5843 | D:6      | Noticed a two-headed ogre
  6164 | D:6      | Killed a two-headed ogre
  6601 | D:6      | Noticed Menkaure
  6606 | D:6      | Killed Menkaure
  6756 | D:6      | Learned a level 3 spell: Stone Arrow
  6824 | D:7      | Reached skill level 5 in Conjurations
  7006 | D:7      | Noticed a gargoyle
  7016 | D:7      | Killed a gargoyle
  7307 | D:8      | Found Owot Apt's Armour Emporium.
  7372 | D:8      | Reached XP level 10. HP: 31/62 MP: 11/20
  7373 | D:8      | Slain by a wight

Illustrated notes

Levels and vault maps discovered:
D:1:      dpeg_arrival_round_b, layout_basic, chequers_ecumenical_altar_lobes,
          serial_shops, nicolae_lakefront_shop, minmay_hexomino_u4
D:2:      minmay_chambers_of_twos, layout_loops_ring, small_statue_intersection,
          grunt_ministairs_1, st_stairs_4
D:3:      layout_loops_cross, nicolae_ashenzari_skybound, serial_bayou_ford_a
D:4:      layout_loops_ring, amcnicky_altar_gilded
D:5:      layout_loops_cross, cheibrodos_worm_habitat, xom_redecorated,
          kennysheep_mini_moat, kennysheep_mini, minmay_temple_entry_grid,
          chequers_ossuary_entry_cave, st_stairs_8
D:6:      layout_basic, mainiacjoe_overflow_paths, uniq_menkaure
D:7:      layout_rooms
D:8:      layout_rooms, dk_yredelemnul_ordeal, mainiacjoe_overflow_boulevard,
          serial_shops, nicolae_shop_statue_plus, minmay_ruined_shrine,
          uniq_gastronok
Temple:   nicolae_temple_superstar

Skill      XL: |  1  2  3  4  5  6  7  8  9 |
---------------+----------------------------+-----
Stealth        | 3 4 5 6 7 |  7.8
Short Blades   | 1 |  1.7
Fire Magic     | 4 5 7 |  7.0
Fighting       | 1 2 |  2.9
Spellcasting   | 3 4 5 6 |  6.8
Conjurations   | 2 3 4 5 |  5.4
Axes           | 1 2 3 4 |  4.1
Dodging        | 3 |  3.4

Action                   |  1- 3 |  4- 6 |  7- 9 | 10-12 || total
-------------------------+-------+-------+-------+-------++-------
Melee: Dagger            |    27 |    29 |       |       ||    56
       Constrict         |     7 |     9 |    17 |       ||    33
       Tentacles         |     5 |     6 |    15 |       ||    26
       Hand axe          |       |    19 |    56 |       ||    75
       Punch             |       |     1 |       |       ||     1
 Cast: Foxfire           |    37 |    43 |   143 |       ||   223
       Scorch            |       |     1 |    17 |     1 ||    19
       Conjure Flame     |       |       |     2 |       ||     2
       Flame Wave        |       |       |     4 |       ||     4
  Use: Scroll            |       |       |    10 |       ||    10
 Stab: Sleeping          |     5 |    10 |     7 |       ||    22
       Distracted        |       |       |     1 |       ||     1
Armor: Skin              |     1 |     1 |     3 |       ||     5
Dodge: Dodged            |    15 |    32 |    58 |     1 ||   106

Table legend: (Time is in decaauts)
 A = Elapsed time spent in this place.
 B = Non-inter-level travel time spent in this place.
 C = Inter-level travel time spent in this place.
 D = Time resting spent in this place.
 E = Time spent auto-exploring this place.
 F = Levels seen in this place.
 G = Mean time per level.
                   A        B        C        D        E       F      G
               +--------+--------+--------+--------+--------+-----+--------+
         Total |   7384 |   7305 |     79 |    317 |   5071 |  10 |  738.4 |
       Dungeon |   6590 |   6521 |     69 |      0 |   4857 |   8 |  823.8 |
        Temple |    100 |     90 |     10 |      0 |     41 |   1 |  100.0 |
       Ossuary |    693 |    693 |      0 |    317 |    173 |   1 |  693.0 |
               +--------+--------+--------+--------+--------+-----+--------+

Top non-repeatable levels by time:
     D:1: 1351 daAuts
     D:2: 1011 daAuts
     D:6: 978 daAuts
     D:4: 892 daAuts
     D:3: 874 daAuts
     D:5: 865 daAuts
 Ossuary: 693 daAuts
     D:7: 491 daAuts
     D:8: 123 daAuts
  Temple: 100 daAuts
